 Dungeon Crawl Stone Soup version 0.30-a0-1160-g6e42c06 (webtiles) character file.

Game seed: 11304959479977084189

233 Dorkslayer the Covered (level 6, -12/38 HPs)
             Began as a Gargoyle Fighter on Apr 25, 2023.
             Mangled by an orc warrior
             ... wielding a +0 halberd
              (13 damage)
             ... on level 4 of the Dungeon.
             The game lasted 00:08:55 (2376 turns).

Dorkslayer the Covered (Gargoyle Fighter)           Turns: 2376, Time: 00:08:55

Health: -12/38     AC: 16    Str: 26    XL:     6   Next: 5%
Magic:  6/6        EV:  9    Int:  8    God:
Gold:   91         SH:  4    Dex: 11    Spells: 5/5 levels left

rFire   . . .        a - +2 war axe (freeze)
rCold   . . .        c - +0 buckler
rNeg    + . .        n - +1 chain mail
rPois   ∞            o - +1 hat
rElec   +            (no cloak)
rCorr   .            (no gloves)
SInv    .            (no boots)
Will    .....        (no amulet) Stlth
                     b - +6 ring of strength
HPRegen 0.26/turn    (no ring)
MPRegen 0.10/turn

%: no passive effects
@: no status effects
A: sickness immunity, AC +4, negative energy resistance 1, electricity
resistance, torment resistance 1, petrification resistance
a: no special abilities


You were on level 4 of the Dungeon.
You visited 1 branch of the dungeon, and saw 4 of its levels.

You collected 91 gold pieces.

Inventory:

Hand Weapons
 a - a +2 war axe of freezing (weapon)
Missiles
 h - 4 boomerangs (quivered)
 i - 6 javelins
Armour
 c - a +0 buckler (worn)
 n - a +1 chain mail (worn)
 o - a +1 hat (worn)
Jewellery
 b - a +6 ring of strength (left hand)
Scrolls
 e - a scroll of immolation {unknown}
 f - 4 scrolls of fog
 m - a scroll of poison
Potions
 d - a potion of heal wounds {unknown}
 g - a potion of attraction
 j - a potion of cancellation {unknown}
 k - 2 potions of mutation {unknown}
 l - a potion of haste
 p - 2 potions of lignification {unknown}
 q - a potion of might


   Skills:
 + Level 4.0 Fighting
 + Level 3.6 Axes
 + Level 4.4 Armour
 * Level 1.6 Dodging
 + Level 3.7 Shields


You had 5 spell levels left.
You didn't know any spells.
Your spell library contained the following spells:

 Spells                   Type           Power      Damage    Failure   Level
 Dazzling Flash           Conj/Hex       0%         N/A       100%        3
 Inner Flame              Hex/Fire       0%         N/A       100%        3
 Volatile Blastmotes      Fire/Tloc      0%         2d10      100%        3
 Anguish                  Hex/Necr       0%         N/A       100%        4
 Flame Wave               Conj/Fire      0%         2d4       100%        4
 Iskenderun's Mystic Bla  Conj/Tloc      0%         2d3       100%        4
 Sticky Flame             Conj/Fire      0%         2d3       100%        4
 Starburst                Conj/Fire      0%         6d3       100%        6
 Enfeeble                 Hex            0%         N/A       100%        7


Dungeon Overview and Level Annotations

Branches:
Dungeon (4/15)
 Temple: D:4-7

Altars:


Innate Abilities, Weirdness & Mutations

You are immune to sickness and miasma.
Your stone body is resilient. (AC +4)
You are immune to poison.
You resist negative energy. (rN+)
You are resistant to electric shocks. (rElec)
You are resistant to unholy torment.
You are immune to petrification.


Message History

You slice the ball python!! You freeze the ball python.
You kill the ball python!
An orc priest comes into view. It is wielding a +0 trident.
An orc warrior comes into view. It is wielding a +0 halberd.
You see here a ball python corpse.
The orc warrior shouts!
The orc priest shouts!
Found 18 gold pieces.
The orc priest looks encouraged for a moment.
You slash the orc! You freeze the orc.
You kill the orc!
The orc warrior hits you with a +0 halberd.
The orc priest mumbles some strange prayers to Beogh against you.
Pain shoots through your body!
Things that are here:
a +0 club; an orc corpse The orc warrior hits you with a +0 halberd.
The orc priest closely misses you.
You hit the orc priest. You freeze the orc priest.
The orc priest is moderately wounded.
You hit the orc warrior. You freeze the orc warrior.
The orc priest closely misses you. The orc warrior barely misses you.
The orc priest barely misses you. You block the orc warrior's attack.
You closely miss the orc priest.
The orc priest is moderately wounded.
You barely miss the orc warrior.
The orc warrior hits you but does no damage.
The orc priest hits you with a +0 trident!
You hit the orc priest. You freeze the orc priest.
The orc priest is heavily wounded.
You barely miss the orc warrior.
The orc warrior hits you with a +0 halberd.
The orc priest hits you with a +0 trident.
You barely miss the orc warrior.
The orc warrior is lightly wounded.
You hit the orc priest. You freeze the orc priest.
The orc priest mumbles some strange prayers to Beogh against you.
Beogh smites you!
* * * LOW HITPOINT WARNING * * *
The orc warrior hits you with a +0 halberd!
You die...

.......# #......#
#. #......###.$
#......#....
#...........
#...........
#...o.......
#...@o......
#...).......
#................
#................
##.†............#
###..............##
#.................#
###...............#
#...............##


You could see an orc warrior and an orc priest.

Vanquished Creatures
  The ghost of ChinnyChinChin the Magician, an amateur DrWn (D:3)
  2 adders (D:2)
  A shadow imp (D:4)
  A worm (D:2)
  5 orcs
  10 endoplasms
  3 giant cockroaches
  3 hobgoblins
  2 jackals (D:1)
  A quokka (D:3)
  10 ball pythons
  5 bats
  3 frilled lizards
  5 goblins
  4 kobolds
  6 rats (D:1)
62 creatures vanquished.

Notes
Turn   | Place    | Note
-------+----------+-------------------------------------------
     0 | D:1      | Dorkslayer the Gargoyle Fighter began the quest for the
                  | Orb.
     0 | D:1      | Reached XP level 1. HP: 14/14 MP: 1/1
   229 | D:1      | Reached XP level 2. HP: 19/19 MP: 2/2
   597 | D:1      | Reached XP level 3. HP: 23/23 MP: 3/3
  1130 | D:2      | Found a faded altar of an unknown god.
  1193 | D:1      | Reached XP level 4. HP: 29/29 MP: 4/4
  1223 | D:2      | Reached skill level 1 in Dodging
  1466 | D:3      | Identified the +10 rapier of Zic Sit {freeze, rPois rN+
                  | Stlth+}
  1937 | D:3      | Found a runed translucent door.
  1938 | D:3      | Noticed ChinnyChinChin's ghost (amateur DrWn)
  1953 | D:3      | Killed ChinnyChinChin's ghost
  1954 | D:3      | Reached XP level 5. HP: 16/33 MP: 5/5
  2305 | D:4      | Reached XP level 6. HP: 30/38 MP: 6/6
  2367 | D:4      | Noticed an orc warrior
  2376 | D:4      | HP: 1/38 [orc priest/divine providence (12)]
  2376 | D:4      | Mangled by an orc warrior

Illustrated notes

Levels and vault maps discovered:
D:1:      dpeg_arrival_water_temple_mockup, layout_loops_corners, nicolae_titane
D:2:      layout_rooms, hellmonk_ecumenical_altar_lost_god
D:3:      layout_basic, serial_glass, glass_columns_c, glass_columns_a,
          gammafunk_ghost_grave, minmay_diced_spiral
D:4:      layout_cave_pods, nicolae_yredelemnul_corpse_copse,
          grunt_decor_fettered

Skill      XL: |  1  2  3  4 |
---------------+-------------+-----
Axes           | 2 3 |  3.6
Dodging        | 1 |  1.6
Fighting       | 4 |  4.0
Armour         | 4 |  4.4
Shields        | |  3.7

Action                     |  1- 3 |  4- 6 || total
---------------------------+-------+-------++-------
  Melee: War axe           |   114 |    62 ||   176
  Throw: Boomerang         |       |     1 ||     1
    Use: Scroll            |       |    10 ||    10
         Potion            |       |     1 ||     1
 Armour: Scale mail        |    70 |       ||    70
         Chain mail        |     4 |    25 ||    29
  Dodge: Dodged            |    62 |    18 ||    80
  Block: Buckler           |    37 |    13 ||    50

Table legend: (Time is in decaauts)
 A = Elapsed time spent in this place.
 B = Non-inter-level travel time spent in this place.
 C = Inter-level travel time spent in this place.
 D = Time resting spent in this place.
 E = Time spent auto-exploring this place.
 F = Levels seen in this place.
 G = Mean time per level.
                   A        B        C        D        E       F      G
               +--------+--------+--------+--------+--------+-----+--------+
         Total |   2449 |   2449 |      0 |     20 |   1382 |   4 |  612.2 |
       Dungeon |   2449 |   2449 |      0 |     20 |   1382 |   4 |  612.2 |
               +--------+--------+--------+--------+--------+-----+--------+

Top non-repeatable levels by time:
     D:1: 968 daAuts
     D:3: 876 daAuts
     D:2: 514 daAuts
     D:4: 90 daAuts
